 Dungeon Crawl Stone Soup version 0.28.0 (webtiles) character file.

Game seed: 15075476967829232700

1456 bromine the Slasher (level 8, -1/75 (79) HPs)
             Began as a Troll Berserker on Feb 16, 2022.
             Was a Believer of Trog.
             Slain by a necrophage (5 damage)
             ... on level 5 of the Dungeon on Feb 18, 2022.
             The game lasted 00:19:13 (4524 turns).

bromine the Slasher (Troll Berserker)               Turns: 4524, Time: 00:19:17

HP:   -1/75 (79)    AC:  8    Str: 26    XL:     8   Next: 47%
MP:   7/7           EV: 10    Int: 11    God:    Trog [**....]
Gold: 139           SH:  0    Dex:  9    Spells: 7/7 levels left

rFire   . . .      SeeInvis .   f - +2 long sword
rCold   . . .      Faith    .   (no shield)
rNeg    . . .      Spirit   .   b - +0 animal skin
rPois   .          Reflect  .   (helmet restricted)
rElec   .          Harm     .   (no cloak)
rCorr   .          Rampage  .   (gloves unavailable)
Will    ++...                   (boots unavailable)
Stlth   +.........              (no amulet)
HPRegen 2.02/turn               k - +4 ring of protection
MPRegen 0.10/turn               e - +6 ring of intelligence

@: strong-willed, on berserk cooldown, regenerating, slowed, drained, very slow
A: large, unfitting armour, claws 3, regeneration 1, shaggy fur 1, tough skin 1
a: Renounce Religion, Berserk, Trog's Hand


You were on level 5 of the Dungeon.
You worshipped Trog.
Trog was pleased with you.
You visited 1 branch of the dungeon, and saw 5 of its levels.

You collected 139 gold pieces.

Inventory:

Hand Weapons
 a - a +0 hand axe
 f - a +2 long sword (weapon)
Armour
 b - a +0 animal skin (worn)
Jewellery
 c - a ring of ice
 e - a +6 ring of intelligence (right claw)
 k - a +4 ring of protection (left claw)
Scrolls
 g - a scroll of amnesia
 l - a scroll of blinking {unknown}
Potions
 d - a potion of brilliance
 h - a potion of berserk rage
 i - a potion of attraction
 j - a potion of curing {unknown}


   Skills:
 + Level 4.7 Fighting
 + Level 5.2 Long Blades
 + Level 4.0 Axes
 + Level 5.0 Dodging
 + Level 0.4 Stealth


You had 7 spell levels left.
You didn't know any spells.
Your spell library contained the following spells:

 Spells                   Type           Power      Damage    Failure   Level
 Frozen Ramparts          Ice            0%         1d2       71%         3
 Ice Form                 Ice/Tmut       0%         N/A       98%         4
 Summon Ice Beast         Ice/Summ       0%         N/A       98%         4
 Alistair's Intoxication  Tmut/Pois      0%         N/A       100%        5
 Borgnjor's Vile Clutch   Necr/Erth      0%         N/A       100%        5
 Eringya's Noxious Bog    Tmut/Pois      0%         N/A       100%        6


Dungeon Overview and Level Annotations

Branches:
Dungeon (5/15)
 Temple: D:4-7

Altars:
Dithmenos
Okawaru
Qazlal
Trog

Shops:
D:1 =   D:2 =   D:3 ?


Innate Abilities, Weirdness & Mutations

You are too large for most types of armour.
You have claws for hands.
Your natural rate of healing is unusually fast.
You are covered in fur. (AC +1)
You have tough skin. (AC +1)


Message History

The necrophage closely misses you. The scorpion zombie closely misses you.
The necrophage hits you but does no damage.
The scorpion zombie hits you.
* * * LOW HITPOINT WARNING * * *
You hit the scorpion zombie but do no damage.
The scorpion zombie is moderately damaged.
The necrophage barely misses you. The scorpion zombie hits you.
* * * LOW HITPOINT WARNING * * *
The necrophage hits you but does no damage.
Your skin crawls.
You feel strong-willed. The scorpion zombie barely misses you.
The necrophage closely misses you.
The scorpion zombie hits you but does no damage.
You hit the scorpion zombie.
The scorpion zombie is heavily damaged.
The necrophage hits you.
* * * LOW HITPOINT WARNING * * *
You feel drained.
* * * LOW HITPOINT WARNING * * *
The scorpion zombie hits you but does no damage.
The necrophage hits you but does no damage.
The scorpion zombie misses you.
You slash the scorpion zombie!
The scorpion zombie is severely damaged.
The necrophage barely misses you. The scorpion zombie hits you.
* * * LOW HITPOINT WARNING * * *
The necrophage barely misses you.
Your skin crawls.
You feel strong-willed. The scorpion zombie hits you.
* * * LOW HITPOINT WARNING * * *
The necrophage barely misses you.
The scorpion zombie hits you but does no damage.
You barely miss the scorpion zombie. Your claw misses the scorpion zombie.
The scorpion zombie is severely damaged.
The necrophage hits you but does no damage.
The scorpion zombie hits you.
* * * LOW HITPOINT WARNING * * *
The necrophage hits you.
You die...

.. ..........
...# ........
..#....?...
... ..... ..
#..#... ... .
##.#..# ..#
..#...n.# #.#
.....#@.##..##
..
#...Z)...>.#
...#
###....##....
###.. ##...#
#.
....#####..##
#....##....#
#.........##
###.....#.#
###....##.#


You could see a necrophage and a scorpion zombie.

Vanquished Creatures
  A two-headed ogre (D:4)
  Sigmund (D:5)
  A necrophage (D:3)
  A centaur (D:3)
  A phantom (D:4)
  A scorpion (D:5)
  A water moccasin skeleton (D:3)
  A howler monkey (D:4)
  2 orc priests (D:4)
  A gnoll shaman (D:4)
  An iguana (D:5)
  Ijyb (D:5)
  A howler monkey skeleton (D:4)
  3 adders
  5 gnolls (D:4)
  A white imp (D:5)
  An adder skeleton (D:4)
  A worm (D:2)
  A dart slug (D:1)
  8 orcs
  4 endoplasms
  7 giant cockroaches
  5 goblins
  7 hobgoblins
  6 jackals
  5 kobolds
  2 quokkas
  11 ball pythons
  11 bats
  4 frilled lizards
  5 rats
101 creatures vanquished.

Vanquished Creatures (others)
  A white imp (D:5)
  18 plants
19 creatures vanquished.

Grand Total: 120 creatures vanquished

Notes
Turn   | Place    | Note
-------+----------+-------------------------------------------
     0 | D:1      | bromine the Troll Berserker began the quest for the Orb.
     0 | D:1      | Reached XP level 1. HP: 22/22 MP: 0/0
    60 | D:1      | Found Lynur's Jewellery Emporium.
   391 | D:1      | Reached XP level 2. HP: 29/29 MP: 1/1
   731 | D:1      | Reached XP level 3. HP: 33/36 MP: 2/2
  1302 | D:2      | Reached ** piety under Trog
  1645 | D:2      | Found Nauth's Jewellery Shop.
  1703 | D:2      | Reached XP level 4. HP: 42/44 MP: 3/3
  1852 | D:2      | Found a faded altar of an unknown god.
  2026 | D:3      | Found a bloodstained altar of Trog.
  2168 | D:3      | Noticed a centaur
  2174 | D:3      | Killed a centaur
  2175 | D:3      | Reached XP level 5. HP: 53/53 MP: 4/4
  2262 | D:3      | Found Delodd's Magic Scroll Shoppe.
  2491 | D:3      | Noticed a necrophage
  2509 | D:3      | Killed a necrophage
  2651 | D:3      | Reached skill level 1 in Long Blades
  2651 | D:3      | Reached XP level 6. HP: 47/61 MP: 5/5
  3495 | D:4      | Reached *** piety under Trog
  3546 | D:4      | Noticed a two-headed ogre
  3558 | D:4      | Killed a two-headed ogre
  3559 | D:4      | Reached XP level 7. HP: 53/70 MP: 6/6
  3559 | D:4      | Reached XP level 8. HP: 59/78 MP: 7/7
  3578 | D:4      | HP: 1/79 [gnoll (4)]
  3583 | D:4      | HP: 2/79 [gnoll (5)]
  3891 | D:4      | Found a shadowy altar of Dithmenos.
  4278 | D:4      | Found an iron altar of Okawaru.
  4369 | D:4      | Found a stormy altar of Qazlal.
  4410 | D:5      | Entered Level 5 of the Dungeon
  4462 | D:5      | Identified the +1 chain mail "Xuokieps" {rN+ Will+ Str+4}
  4481 | D:5      | Noticed Sigmund
  4493 | D:5      | Noticed Ijyb
  4495 | D:5      | Killed Sigmund
  4496 | D:5      | Reached skill level 5 in Long Blades
  4496 | D:5      | Reached skill level 5 in Dodging
  4508 | D:5      | Killed Ijyb
  4524 | D:5      | Slain by a necrophage

Illustrated notes

Levels and vault maps discovered:
D:1:      scummos_arrival_gate, layout_loops_ring, serial_shops, shop_fountains,
          chequers_big_river
D:2:      layout_basic, shapermc_ecumenical_altar_notcrosses, serial_shops,
          nicolae_shop_crystal, minmay_misc_feat_square
D:3:      layout_basic, lemuel_crystal_altar, serial_shops,
          nicolae_shop_waterfront, corexii_shack, minmay_strange_pillars
D:4:      wander_river, layout_loops_ring, okawaru_gym_becter,
          nicolae_dithmenos_through_a_glass_darkly, lemuel_crystal_altar
D:5:      layout_cave_pools, vehumet_crystals, uniq_ijyb, uniq_sigmund,
          uniq_eustachio

Skill      XL: |  1  2  3  4  5  6  7  8 |
---------------+-------------------------+-----
Dodging        | 3 4 5 |  5.0
Axes           | 3 4 |  4.0
Fighting       | 3 4 |  4.7
Long Blades    | 1 4 5 |  5.2
Stealth        | |  0.4

Action                   |  1- 3 |  4- 6 |  7- 9 || total
-------------------------+-------+-------+-------++-------
Melee: Hand axe          |   144 |    21 |       ||   165
       Punch             |     1 |     4 |     3 ||     8
       Long sword        |       |    84 |    80 ||   164
Invok: Berserk           |     1 |     5 |     2 ||     8
       Trog's Hand       |       |       |     4 ||     4
  Use: Scroll            |     1 |     7 |     3 ||    11
       Potion            |       |       |     1 ||     1
Armor: Animal skin       |    98 |    57 |    51 ||   206
Dodge: Dodged            |   122 |    69 |    86 ||   277
